 Dungeon Crawl Stone Soup version 0.31-a0-188-g5e087ee2ca (webtiles) character file.

Game seed: 6639205624929245474

324 qw the Skirmisher (level 6, -2/35 HPs)
             Began as a Deep Elf Hunter on June 22, 2023.
             Slain by a gnoll sergeant
             ... wielding a +0 trident
              (5 damage)
             ... on level 4 of the Dungeon.
             The game lasted 00:00:57 (2401 turns).

qw the Skirmisher (Deep Elf Hunter)                 Turns: 2401, Time: 00:00:58

Health: -2/35      AC:  7    Str: 10    XL:     6   Next: 23%
Magic:  8/8        EV:  9    Int: 14    God:
Gold:   202        SH:  0    Dex: 18    Spells: 5/5 levels left

rFire   . . .        Y - +1 arbalest (drain)
rCold   . . .        (shield currently unavailable)
rNeg    . . .        b - +0 scale mail
rPois   +            e - +0 helmet
rElec   .            (no cloak)
rCorr   .            (no gloves)
SInv    .            (no boots)
Will    +....        (no amulet)
Stlth   +            j - ring of poison resistance
HPRegen 0.25/turn    (no ring)
MPRegen 0.11/turn

%: no passive effects
@: no status effects
A: strong-willed 1
a: no special abilities


You were on level 4 of the Dungeon.
You visited 1 branch of the dungeon, and saw 4 of its levels.

You collected 202 gold pieces.


Innate Abilities, Weirdness & Mutations

You are strong-willed. (Will+)


   Skills:
 - Level 2.0 Fighting
 + Level 9.5 Ranged Weapons
 - Level 1.0 Armour
 - Level 2.4 Dodging
 - Level 1.2 Stealth


You had 5 spell levels left.
You didn't know any spells.
Your spell library was empty.

Inventory:

Hand Weapons
 Y - a +1 arbalest of draining (weapon)
Armour
 b - a +0 scale mail (worn)
 e - a +0 helmet (worn)
Jewellery
 j - a ring of poison resistance (left hand)
Scrolls
 g - a scroll of identify
Potions
 a - a potion of berserk rage {unknown}
 c - a potion of enlightenment
 d - a potion of curing
 h - a potion of might {unknown}
 i - a potion of mutation
 o - a potion of degeneration {unknown}

Dungeon Overview and Level Annotations

Branches:
Dungeon (4/15)
 Temple: D:4-7

Altars:
Gozag
Nemelex Xobeh
Zin


Message History

The bolt closely misses the gnoll sergeant.
The gnoll sergeant hits you from afar with a +0 trident.
You shoot a bolt. The bolt hits the gnoll sergeant.
You drain the gnoll sergeant.
The gnoll sergeant is moderately wounded.
The gnoll sergeant hits you from afar with a +0 trident! x2
You shoot a bolt.
The bolt barely misses the gnoll sergeant.
The gnoll shouts!
The bolt hits the dart slug.
The dart slug is moderately wounded.
You hear a shout!
The gnoll sergeant hits you but does no damage.
The gnoll sergeant hits you from afar with a +0 trident.
2395 ||| DRINKING potion of heal wounds.
You feel much better.
The gnoll sergeant hits you from afar with a +0 trident.
You shoot a bolt. The gnoll sergeant blocks the bolt.
The gnoll sergeant hits you from afar with a +0 trident.
The dart slug bites you.
You shoot a bolt. The bolt hits the dart slug!!
You kill the dart slug!
The gnoll sergeant hits you from afar with a +0 trident.
The gnoll hits you but does no damage. The gnoll sergeant closely misses you.
You shoot a bolt. The bolt hits the gnoll!
You drain the gnoll.
You kill the gnoll!
The gnoll sergeant hits you from afar with a +0 trident! x2
Your Fighting skill increases to level 2!
You shoot a bolt. The bolt hits the gnoll sergeant.
You drain the gnoll sergeant.
The gnoll sergeant is moderately wounded.
The gnoll sergeant completely misses you.
The gnoll sergeant barely misses you.
You shoot a bolt. The bolt hits the gnoll sergeant!
The gnoll sergeant is severely wounded.
The gnoll sergeant barely misses you.
You shoot a bolt. The gnoll sergeant blocks the bolt.
The gnoll sergeant completely misses you.
The gnoll sergeant hits you from afar with a +0 trident.
You die...

."... .g # ..... w.. #.
# ...###...
...##.#..#...g.
[.....#.)....#
...........# ### #...#
........g## ##.###...##
#......#).####...#8...8
........@.##...####...#
.....###.......####...#
..... #.(.......##.[.##
..#.....)........#8...8#
. # ##...........##...##
##................##
#...###........#...#
.....# #........#..##
##... #............#


You could see a gnoll sergeant (very drained).

Vanquished Creatures
  A black bear (D:4)
  An orc priest (D:3)
  An iguana (D:4)
  A sleepcap (D:3)
  4 gnolls
  5 adders
  5 dart slugs
  3 orcs (D:3)
  6 bats
  4 endoplasms
  2 giant cockroaches
  5 goblins
  3 hobgoblins
  4 jackals (D:1)
  3 quokkas (D:2)
  4 ball pythons
  2 frilled lizards
  2 kobolds
  5 rats
61 creatures vanquished.

Notes
Turn   | Place    | Note
-------+----------+-------------------------------------------
     0 | D:1      | qw the Deep Elf Hunter began the quest for the Orb.
     0 | D:1      | Reached XP level 1. HP: 12/12 MP: 3/3
     0 | D:1      | 0 ||| qw: Version: 0.3-a-9-g12657ce
     0 | D:1      | 0 ||| qw: Game counter: 2950
     0 | D:1      | 0 ||| qw: Always use a shield: true
     0 | D:1      | 0 ||| qw: God list: Okawaru
     0 | D:1      | 0 ||| qw: Allow faded altars: false
     0 | D:1      | 0 ||| qw: Do Orc after D:15 true
     0 | D:1      | 0 ||| qw: Do second Lair branch before Depths: true
     0 | D:1      | 0 ||| qw: Lair rune preference: random
     0 | D:1      | 0 ||| qw: Plans: Normal
     0 | D:1      | 0 ||| PLANNING D:1-11
   106 | D:1      | Reached XP level 2. HP: 16/16 MP: 4/4
   107 | D:1      | Reached skill level 6 in Ranged Weapons
   511 | D:1      | Reached XP level 3. HP: 17/20 MP: 5/5
   538 | D:1      | 538 ||| UPGRADING to +0 helmet.
   543 | D:1      | 543 ||| UPGRADING to ring of poison resistance.
   544 | D:1      | 544 ||| READING scroll labelled AKEOWU IRASE.
   544 | D:1      | Identified a scroll of acquirement
   544 | D:1      | 544 ||| ACQUIRING +1 arbalest of draining
   544 | D:1      | Acquired a +1 arbalest of draining
   546 | D:1      | 546 ||| SWAPPING to +1 arbalest of draining.
   547 | D:1      | 547 ||| DROPPING +0 shortbow.
   548 | D:1      | 548 ||| DRINKING 2 cyan potions.
   549 | D:1      | 549 ||| DRINKING 2 puce potions.
   550 | D:1      | 550 ||| DROPPING scroll of butterflies.
   724 | D:2      | 724 ||| UPGRADING to +0 scale mail.
   729 | D:2      | 729 ||| FLEEEEING.
   730 | D:2      | 730 ||| FLEEEEING.
   731 | D:2      | 731 ||| FLEEEEING.
   736 | D:2      | 736 ||| UPGRADING to +0 scale mail.
   741 | D:2      | 741 ||| DROPPING +0 leather armour.
   755 | D:2      | 755 ||| READING scroll labelled BIXAVV VOGI.
   758 | D:2      | Reached skill level 7 in Ranged Weapons
  1512 | D:2      | 1512 ||| READING scroll labelled ADOLLIBIADI.
  1513 | D:2      | 1513 ||| DRINKING 2 green potions.
  1567 | D:3      | 1567 ||| FLEEEEING.
  1568 | D:3      | 1568 ||| FLEEEEING.
  1569 | D:3      | 1569 ||| FLEEEEING.
  1570 | D:3      | 1570 ||| FLEEEEING.
  1570 | D:3      | HP: 2/20 [orc priest/divine providence (12)]
  1571 | D:3      | 1571 ||| FLEEEEING.
  1580 | D:3      | 1580 ||| STAIRDANCE
  1657 | D:3      | Reached XP level 4. HP: 25/25 MP: 6/6
  1767 | D:3      | Found a faded altar of an unknown god.
  1804 | D:3      | Found a glowing silver altar of Zin.
  1869 | D:3      | Reached skill level 8 in Ranged Weapons
  1957 | D:3      | Reached XP level 5. HP: 29/29 MP: 7/7
  2168 | D:3      | Found an opulent altar of Gozag.
  2168 | D:3      | Found a sparkling altar of Nemelex Xobeh.
  2269 | D:3      | 2269 ||| DROPPING ring of wizardry.
  2270 | D:3      | 2270 ||| READING scroll labelled XATSOAL YTOL.
  2271 | D:3      | 2271 ||| READING 2 scrolls labelled UTUOLE ABREGEU.
  2272 | D:3      | 2272 ||| READING scroll labelled ZEZI KICOSUI.
  2273 | D:3      | 2273 ||| DRINKING 2 yellow potions.
  2273 | D:3      | Gained mutation: You are strong-willed. (Will+) [potion of
                  | mutation]
  2274 | D:3      | 2274 ||| DROPPING scroll of revelation.
  2296 | D:4      | 2296 ||| PLANNING SEWER
  2360 | D:4      | Noticed a black bear
  2364 | D:4      | Killed a black bear
  2365 | D:4      | Reached skill level 9 in Ranged Weapons
  2377 | D:4      | Reached XP level 6. HP: 34/34 MP: 8/8
  2381 | D:4      | Reached skill level 1 in Armour
  2386 | D:4      | 2386 ||| Stepping ~*~*~tactically~*~*~ (outnumbered).
  2387 | D:4      | 2387 ||| Stepping ~*~*~tactically~*~*~ (outnumbered).
  2389 | D:4      | 2389 ||| Stepping ~*~*~tactically~*~*~ (outnumbered).
  2394 | D:4      | HP: 8/35 [gnoll sergeant/+0 trident (3)]
  2395 | D:4      | 2395 ||| DRINKING potion of heal wounds.
  2398 | D:4      | HP: 2/35 [gnoll sergeant/+0 trident (8)]
  2401 | D:4      | Slain by a gnoll sergeant

Levels and vault maps discovered:
D:1:      moated_graveyard_arrival, layout_basic, minmay_tiny_reverse_x
D:2:      layout_basic, serial_bayou, serial_bayou_ford_a,
          serial_bayou_crossing, serial_bayou_lagoon_b, serial_bayou_lagoon_a,
          serial_bayou_shore_b, serial_bayou_pond_d
D:3:      layout_loops_ring, grunt_temple_overflow_opulence,
          mainiacjoe_overflow_boulevard, basic_ecumenical_altar
D:4:      layout_cave_pools, elyvilon_altar_4, gup_sewer_entry_glass,
          corexii_hall_statues_l, minivault_25, kennysheep_generic_room_7,
          uniq_natasha

Skill      XL: |  1  2  3  4  5  6 |
---------------+-------------------+-----
Ranged Weapons | 6 7 8 9 |  9.5
Armour         | 1 |  1.0
Fighting       | 2 |  2.0
Dodging        | |  2.4
Stealth        | |  1.2

Action                     |  1- 3 |  4- 6 || total
---------------------------+-------+-------++-------
   Fire: Shortbow          |    41 |       ||    41
         Arbalest          |    47 |    68 ||   115
    Use: Scroll            |     3 |     3 ||     6
         Potion            |     3 |     2 ||     5
 Armour: Leather armour    |     6 |       ||     6
         Scale mail        |    10 |    29 ||    39
  Dodge: Dodged            |    20 |    24 ||    44

Table legend:
 A = Non-vault XP
 B = Vault XP
 C = Vault XP percentage of total XP
 D = Non-vault monster count
 E = Vault monster count
 F = Vault count percentage of total count
                 A         B        C        D         E       F
            +---------+---------+-------+---------+---------+-------
      Total |     448 |      16 |   3.4 |      59 |       2 |   3.3
            +---------+---------+-------+---------+---------+-------
        D:1 |      34 |      16 |  32.0 |      17 |       2 |  10.5
        D:2 |      33 |       0 |   0.0 |      19 |       0 |   0.0
        D:3 |     151 |       0 |   0.0 |      15 |       0 |   0.0
        D:4 |     230 |       0 |   0.0 |       8 |       0 |   0.0
            +---------+---------+-------+---------+---------+-------
